 Dungeon Crawl Stone Soup version 0.30.1-9-gdf580d7c3d (webtiles) character file.

Game seed: 3055905960738758540

1442 Wiggles the Cleaver (level 8, -5/64 (70) HPs)
             Began as a Minotaur Berserker on Oct 5, 2023.
             Was a Priest of Trog.
             Slain by a wight
             ... wielding a +3 war axe of freezing
              (10 damage)
             ... on level 7 of the Dungeon.
             The game lasted 00:08:07 (5215 turns).

Wiggles the Cleaver (Minotaur Berserker)            Turns: 5215, Time: 00:08:08

HP:   -5/64 (70)    AC:  7    Str: 24    XL:     8   Next: 46%
MP:   7/7           EV: 12    Int:  4    God:    Trog [***...]
Gold: 311           SH:  0    Dex: 10    Spells: 7/7 levels left

rFire   + . .        a - +0 hand axe
rCold   + . .        (no shield)
rNeg    . . .        c - +0 ring mail
rPois   .            h - +0 hat
rElec   .            n - scarf {rC+ rF+}
rCorr   .            t - +0 pair of gloves
SInv    .            (no boots)
Will    .....        (no amulet)
Stlth   +            (no ring)
HPRegen 0.30/turn    (no ring)
MPRegen 0.10/turn

%: no passive effects
@: on berserk cooldown, slowed, drained, very slow
A: horns 2, retaliatory headbutt
a: Renounce Religion, Berserk, Trog's Hand


You were on level 7 of the Dungeon.
You worshipped Trog.
Trog was most pleased with you.
You visited 1 branch of the dungeon, and saw 8 of its levels.

You collected 450 gold pieces.
You spent 139 gold pieces at shops.

Inventory:

Hand Weapons
 a - a +0 hand axe (weapon)
Armour
 c - a +0 ring mail (worn)
 h - a +0 hat (worn)
 n - a scarf of resistance (worn)
 t - a +0 pair of gloves (worn)
Wands
 q - a wand of mindburst (13)
 r - a wand of roots (8)
 w - a wand of paralysis (7)
Scrolls
 e - 2 scrolls of poison {unknown}
 f - 6 scrolls of identify {unknown}
 g - 7 scrolls of teleportation {unknown}
 i - 3 scrolls of magic mapping {unknown}
 j - 2 scrolls of fear {unknown}
 l - a scroll of amnesia {unknown}
 m - 2 scrolls of fog {unknown}
 u - a scroll of immolation {unknown}
 x - a scroll of enchant armour {unknown}
 y - a scroll of noise {unknown}
 A - a scroll of torment {unknown}
 D - a scroll of blinking {unknown}
 E - a scroll of summoning {unknown}
Potions
 b - a potion of magic {unknown}
 d - a potion of haste {unknown}
 k - 2 potions of curing {unknown}
 o - 2 potions of flight {unknown}
 p - a potion of mutation {unknown}
 s - 2 potions of lignification {unknown}
 v - a potion of cancellation {unknown}
 z - 2 potions of invisibility {unknown}
 B - 2 potions of brilliance {unknown}
 C - 4 potions of might {unknown}


   Skills:
 + Level 6.0 Fighting
 + Level 8.9 Axes
 + Level 7.1 Armour
 + Level 4.4 Dodging
 + Level 1.4 Stealth


You had 7 spell levels left.
You didn't know any spells.
Your spell library was empty.

Dungeon Overview and Level Annotations

Branches:
Dungeon (8/15)             Temple (0/1) D:5
   Lair: D:8-11

Altars:
Vehumet

Shops:
D:5 *


Innate Abilities, Weirdness & Mutations

You have a pair of horns on your head.
You reflexively headbutt those who attack you in melee.


Message History

You feel drained. The wight freezes you.
The wight hits you with a +3 dagger of freezing!
You feel drained.
You slash the wight!
You destroy the wight!
Trog accepts your kill.
You closely miss the wight.
Your Stealth skill increases to level 1!
The wight hits you with a +3 war axe of freezing.
You feel drained. The wight freezes you.
There is an open door here.
Things that are here:
a +3 dagger of freezing; a +0 robe You feel a strong urge to attack something.
You feel your anger nearly subside.
You are no longer berserk.
You are exhausted.
You feel yourself slow down.
The wight hits you with a +3 war axe of freezing!
You feel drained. The wight freezes you.
You completely miss the wight.
The wight is severely damaged.
The wight hits you with a +3 war axe of freezing!
* * * LOW HITPOINT WARNING * * *
The wight freezes you.
* * * LOW HITPOINT WARNING * * *
You hit the wight.
The wight is almost destroyed.
The wight closely misses you. x2
You barely miss the wight.
The wight is almost destroyed.
The wight hits you with a +3 war axe of freezing!
* * * LOW HITPOINT WARNING * * *
You feel drained.
* * * LOW HITPOINT WARNING * * *
The wight freezes you.
* * * LOW HITPOINT WARNING * * *
You hit the wight.
The wight is almost destroyed.
The wight hits you with a +3 war axe of freezing!
You die...

###..###......#
'....#......#.....## ..
....#......#.....# ...
#...#......#.....# ....
#..###.##.######.#
....##..######.##.....###
.........#....###'###.#..
.........#.).##.....##...
.........@z.).#.......#... .
#....##..##..##.......#### #.
#....##'###...'..._...'.##
.##....##...#...#.......#.'.
.......#...#...#.......#.#. #
#.....'...#...##.....##.#. #.
#....##..####.####'###..## #..
#....##..####.###...##..##
...##....##.........#.........


You could see a wight.

Vanquished Creatures
  A steam dragon (D:6)
  2 black bears
  An ogre (D:4)
  A phantom (D:3)
  3 bullfrogs
  A scorpion (D:6)
  3 wights (D:7)
  A howler monkey (D:7)
  An orc priest (D:5)
  3 hounds
  4 iguanas
  2 orc wizards
  6 adders
  3 worms
  7 dart slugs
  12 orcs
  8 endoplasms
  2 giant cockroaches (D:1)
  12 goblins
  6 hobgoblins
  2 jackals (D:5)
  4 quokkas
  8 ball pythons
  5 bats
  2 frilled lizards
  5 kobolds
  5 rats
110 creatures vanquished.

Vanquished Creatures (others)
  A black bear (D:6)
1 creature vanquished.

Grand Total: 111 creatures vanquished

Notes
Turn   | Place    | Note
-------+----------+-------------------------------------------
     0 | D:1      | Wiggles the Minotaur Berserker began the quest for the Orb.
     0 | D:1      | Reached XP level 1. HP: 19/19 MP: 0/0
    27 | D:1      | HP: 1/20 [dart slug/slug dart (4)]
   257 | D:1      | Reached XP level 2. HP: 27/27 MP: 1/1
   296 | D:1      | Reached skill level 4 in Axes
   486 | D:1      | Reached ** piety under Trog
   498 | D:1      | Reached XP level 3. HP: 31/33 MP: 2/2
  1469 | D:2      | Reached XP level 4. HP: 40/40 MP: 3/3
  1663 | D:2      | Identified the +2 robe of the Abyss {rN+ Stlth+}
  1854 | D:3      | Reached skill level 5 in Axes
  2138 | D:3      | Found a faded altar of an unknown god.
  2324 | D:3      | Noticed a phantom
  2340 | D:3      | Killed a phantom
  2341 | D:3      | Reached XP level 5. HP: 15/47 MP: 4/4
  2931 | D:4      | Noticed a black bear
  2939 | D:4      | Killed a black bear
  2940 | D:4      | Reached XP level 6. HP: 53/53 MP: 5/5
  2973 | D:4      | Reached skill level 6 in Axes
  2973 | D:4      | Reached skill level 5 in Armour
  2993 | D:4      | Reached *** piety under Trog
  3463 | D:5      | Entered Level 5 of the Dungeon
  3620 | D:5      | Found a staircase to the Ecumenical Temple.
  3634 | D:5      | Reached XP level 7. HP: 33/60 MP: 6/6
  3753 | D:5      | Reached skill level 5 in Fighting
  3788 | D:5      | Identified the +2 robe of a Labyrinth {rF+++ rN+++ Int-5}
  3806 | D:5      | Found a transporter.
  3806 | D:5      | Found Nyphuits's Assorted Antiques.
  3809 | D:5      | Found a transporter.
  3891 | D:5      | Reached skill level 7 in Axes
  4266 | D:5      | Bought a scroll labelled XEONOL KEUQ for 24 gold pieces
  4266 | D:5      | Bought 2 purple potions for 43 gold pieces
  4266 | D:5      | Bought a scroll labelled ECVUEK MAPEETU for 24 gold pieces
  4266 | D:5      | Bought a scroll labelled KESAHOZ ZUTTEFU for 24 gold pieces
  4266 | D:5      | Bought a scroll labelled MELUTI TE HUCO for 24 gold pieces
  4381 | D:6      | Identified the +1 leather armour "Upeerar" {Rampage rPois
                  | rC+}
  4486 | D:6      | Noticed a steam dragon
  4501 | D:6      | Killed a steam dragon
  4816 | D:7      | Reached XP level 8. HP: 42/70 MP: 7/7
  4857 | D:7      | Reached skill level 8 in Axes
  4963 | D:7      | You fall into a shaft and drop 1 floor!
  5019 | D:7      | Found a radiant altar of Vehumet.
  5208 | D:7      | Reached skill level 1 in Stealth
  5215 | D:7      | Slain by a wight

Illustrated notes

Levels and vault maps discovered:
D:1:      giann_horns, layout_basic, st_stairs_7, palyth_stone_intersect
D:2:      layout_loops_ring, minmay_joined_circles
D:3:      layout_basic, basic_ecumenical_altar, kennysheep_flooded_box
D:4:      layout_loops_ring
D:5:      layout_loops_ring, minmay_temple_entry_drinking_statues, serial_shops,
          nicolae_shop_drivethru
D:6:      layout_basic
D:7:      layout_gridville, chequers_temple_overflow_minitemple,
          nicolae_vehumet_altar_sigil, serial_shops,
          nicolae_shop_tiny_statue_garden
D:8:      layout_cave_pools, overflow_temple_1_default, ebering_ghost_xom,
          nicolae_kite_square_tiling_tiny

Skill      XL: |  1  2  3  4  5  6  7  8 |
---------------+-------------------------+-----
Fighting       | 4 5 6 |  6.0
Axes           | 4 5 6 7 8 |  8.9
Armour         | 3 4 5 6 7 |  7.1
Dodging        | 3 4 |  4.4
Stealth        | 1 |  1.4

Action                     |  1- 3 |  4- 6 |  7- 9 || total
---------------------------+-------+-------+-------++-------
  Melee: Hand axe          |    90 |   105 |    96 ||   291
         Headbutt          |    15 |    11 |    16 ||    42
         Punch             |       |     1 |     1 ||     2
 Invoke: Berserk           |       |     1 |     3 ||     4
 Armour: Ring mail         |    24 |    44 |    40 ||   108
  Dodge: Dodged            |    39 |    66 |    68 ||   173
